 Dungeon Crawl Stone Soup version 0.23.2 (webtiles) character file.

Game seed: 17290033660785142169

10997 Marnok the Carver (level 11, -25/97 HPs)
             Began as a Minotaur Fighter on Apr 5, 2019.
             Annihilated by a very large slime creature (43 damage)
             ... on level 10 of the Dungeon.
             The game lasted 00:43:12 (9633 turns).

Marnok the Carver (Minotaur Fighter)                Turns: 9633, Time: 00:43:12

Health: -25/97     AC:  9    Str: 19    XL:     11   Next: 43%
Magic:  10/10      EV: 15    Int:  5    God:
Gold:   110        SH: 15    Dex: 10    Spells: 10/10 levels left

rFire    + . .     SeeInvis .   J - +1 hand axe (flame)
rCold    + . .     Gourm    .   c - +0 shield
rNeg     . . .     Faith    .   j - +1 troll leather armour
rPois    .         Spirit   .   (helmet restricted)
rElec    +         Reflect  +   L - +0 cloak
rCorr    .         Harm     .   m - +0 pair of gloves of Wrong Decisions {rElec rF+ Str-5} (curse)
MR       .....                  p - +0 pair of boots
Stlth    ++........             B - +4 amulet of reflection
HPRegen  0.66/turn              y - ring of wizardry
MPRegen  0.12/turn              H - ring of ice

@: no status effects
A: retaliatory headbutt, horns 2, repulsion field 1, blurry vision 1, fire
resistance 1, wild magic 1
a: no special abilities


You were on level 10 of the Dungeon.
You were not hungry.

You visited 1 branch of the dungeon, and saw 11 of its levels.

You collected 472 gold pieces.
You spent 362 gold pieces at shops.

Inventory:

Hand Weapons
 a - a +3 war axe
 e - the +3 long sword "Isif" {speed, rElec rPois}
   (You found it on level 5 of the Dungeon)

   Attacks with this weapon are significantly faster.
   It insulates you from electricity.
   It protects you from poison.
 g - the +2 trident of True Grit {vamp, rN+ MP-9 SInv, unknown}
   (You found it on level 10 of the Dungeon)

   It inflicts no extra harm, but heals its wielder when it wounds a living foe.
   It protects you from negative energy.
   It affects your magic capacity (-9).
   It lets you see invisible.
 t - a +2 mace of holy wrath
 J - a +1 hand axe of flaming (weapon)
Missiles
 l - 11 tomahawks (quivered)
Armour
 c - a +0 shield (worn)
 i - a +2 robe of resistance
 j - a +1 troll leather armour (worn)
 m - the cursed +0 pair of gloves of Wrong Decisions (worn) {rElec rF+ Str-5}
   (You found it on level 6 of the Dungeon)

   It affects your strength (-5).
   It protects you from fire.
   It insulates you from electricity.
   It has a curse placed upon it.
 p - a +0 pair of boots (worn)
 L - a +0 cloak (worn)
Magical Staves
 x - an uncursed staff of wizardry
Jewellery
 o - an uncursed amulet of magic regeneration
 y - a ring of wizardry (left hand)
 A - an uncursed amulet of the gourmand
 B - a +4 amulet of reflection (around neck)
 C - an uncursed amulet of the acrobat
 H - a ring of ice (right hand)
Wands
 k - a wand of disintegration (10)
 q - a wand of paralysis (5)
 w - a wand of flame (10)
 D - a wand of acid (7)
 F - a wand of iceblast (13)
Scrolls
 b - 2 scrolls of remove curse
 d - a scroll of holy word
 r - 2 scrolls of fog
 s - 3 scrolls of magic mapping
 u - a scroll of fear
 z - a scroll of blinking
 M - 2 scrolls of teleportation
Comestibles
 f - 24 rations


   Skills:
 + Level 9.4 Fighting
 + Level 12.3 Long Blades
 + Level 8.0(8.3) Axes
 + Level 3.0(5.9) Maces & Flails
 + Level 5.7 Armour
 + Level 6.9 Dodging
 + Level 2.3 Stealth
 + Level 9.7 Shields


You had 10 spell levels left.
You didn't know any spells.
Your spell library contained the following spells:

 Spells                   Type           Power        Failure   Level  Hunger
 Confusing Touch          Hex            #.....       50%         1    ##.....
 Summon Small Mammal      Summ           #...         50%         1    ##.....
 Call Imp                 Summ           #.......     63%         2    ###....
 Call Canine Familiar     Summ           #.......     83%         3    ####...
 Confuse                  Hex            #.......     83%         3    ####...
 Gell's Gravitas          Tloc           #.........   83%         3    ####...
 Summon Guardian Golem    Hex/Summ       #.......     83%         3    ####...
 Cause Fear               Hex            #.........   99%         4    #####..
 Petrify                  Tmut/Erth      #.......     99%         4    #####..
 Summon Ice Beast         Ice/Summ       #.......     99%         4    #####..
 Summon Lightning Spire   Summ/Air       #.......     99%         4    #####..
 Metabolic Englaciation   Hex/Ice        #.........   100%        5    ######.
 Silence                  Hex/Air        #.........   100%        5    ######.
 Yara's Violent Unravell  Hex/Tmut       #.........   100%        5    ######.
 Deflect Missiles         Chrm/Air       #.........   100%        6    #######
 Discord                  Hex            #.........   100%        8    #######


Dungeon Overview and Level Annotations

Branches:
Dungeon (11/15)              Lair (0/6) D:9             Orc (0/2) D:9
 Temple: D:4-7

Altars:
Dithmenos
Elyvilon
Okawaru

Shops:
D:5 *   D:8 (?!(   D:10 *

Annotations:
D:4 2 transporters, zyhmos's ghost, amateur MiBe


Innate Abilities, Weirdness & Mutations

You reflexively headbutt those who attack you in melee.
You have a pair of horns on your head.
You are surrounded by a mild repulsion field. (EV +2)
Scrolls take you a little longer to read.
Your flesh is heat resistant. (rF+)
Your spells are a little harder to cast, but a little more powerful.


Message History

A large slime creature splits.
You block the slime creature's attack. The slime creature hits you!
* * * LOW HITPOINT WARNING * * *
You aren't carrying any potions.
Really read with blurry vision while enemies are nearby? [Y]es or [N]o only, please.
Really read with blurry vision while enemies are nearby?
The slime creature misses you. x2
You begin reading the scroll.
You continue reading the scroll.
The slime creature misses you. x2; You furiously retaliate!
You headbutt the slime creature! The slime creature hits you!!
* * * LOW HITPOINT WARNING * * *
As you read the scroll of teleportation, it crumbles to dust.
You feel strangely unstable.
Two slime creatures merge to form a large slime creature.
Two slime creatures merge to form a very large slime creature.
Your surroundings seem slightly different.
You block the very large slime creature's attack.
The very large slime creature hits you!!!
You die...

#<'...# ####...#####
.###......[######
).#.......)[....#
#.#.......[####.#
#..........####.#
#............##.#
#...ยง......#.##.###
#............#..@.#
#.......#########J###
###...#.........)...#
.......>J.#.....[.#.###
###...#.#.#...........#
#...#[#[..#######.###
##..#.[[..# ###
#..#.##### ####..#.#


You could see a very large slime creature.

Vanquished Creatures
  Harold (D:8)
  A hydra (D:8)
  A two-headed ogre (D:10)
  Pikel (D:9)
  3 trolls
  2 dream sheep (D:8)
  2 wyverns
  14 yaks
  3 hungry ghosts
  Grum (D:9)
  A two-headed ogre zombie (D:9)
  A water moccasin (D:10)
  An ice beast (D:6)
  4 orc warriors
  A black bear (D:9)
  3 phantoms
  A sky beast (D:7)
  An eye of draining (D:9)
  2 ogres (D:7)
  2 wolves (D:9)
  A centaur (D:9)
  5 big kobolds
  2 bullfrogs (D:10)
  A gnoll sergeant (D:4)
  3 scorpions
  A water moccasin skeleton (D:7)
  3 killer bees (D:9)
  10 wights
  5 howler monkeys
  4 crimson imps
  A centaur zombie (D:9)
  2 quasits
  4 hounds
  A gnoll shaman (D:6)
  6 orc priests
  A bullfrog skeleton (D:8)
  A centaur skeleton (D:4)
  4 iguanas
  11 worker ants
  9 orc wizards
  7 ogre zombies (D:9)
  A howler monkey zombie (D:9)
  10 adders
  8 gnolls
  2 shadow imps
  An ooze (D:3)
  An adder skeleton (D:8)
  2 adder zombies
  2 worms (D:2)
  A dart slug (D:2)
  7 leopard geckos
  41 orcs
  5 bats (D:1)
  6 giant cockroaches
  9 goblins
  7 hobgoblins
  13 jackals
  18 kobolds
  4 quokkas
  10 frilled lizards
  3 goblin skeletons (D:9)
  A hobgoblin skeleton (D:9)
  3 hobgoblin zombies (D:9)
  A jackal skeleton (D:5)
  A leopard gecko skeleton (D:4)
  5 orc skeletons (D:9)
  10 orc zombies (D:9)
  2 quokka skeletons
  7 rats
309 creatures vanquished.

Vanquished Creatures (others)
  4 slaves (D:9)
  A bullfrog (D:9)
  2 killer bees (D:9)
  An orc wizard (D:9)
  2 gnolls (D:9)
  An orc (D:9)
  A jackal (D:9)
  A goblin zombie (D:9)
  2 kobolds (D:9)
  An orc zombie (D:9)
16 creatures vanquished.

Grand Total: 325 creatures vanquished

Notes
Turn   | Place    | Note
-------+----------+-------------------------------------------
     0 | D:1      | Marnok the Minotaur Fighter began the quest for the Orb.
     0 | D:1      | Reached XP level 1. HP: 19/19 MP: 0/0
    85 | D:1      | Reached XP level 2. HP: 26/27 MP: 1/1
   648 | D:1      | Reached XP level 3. HP: 33/33 MP: 2/2
   965 | D:2      | Reached skill level 1 in Dodging
   965 | D:2      | Reached XP level 4. HP: 27/40 MP: 3/3
  2203 | D:3      | Reached XP level 5. HP: 40/47 MP: 4/4
  2556 | D:3      | Found a white marble altar of Elyvilon.
  2871 | D:4      | Reached skill level 5 in Axes
  2915 | D:4      | Noticed a phantom
  2946 | D:4      | Killed a phantom
  2946 | D:4      | Reached XP level 6. HP: 52/53 MP: 5/5
  2981 | D:4      | Reached skill level 5 in Shields
  3025 | D:4      | Found a transporter.
  3040 | D:4      | Found a transporter.
  3040 | D:4      | Identified the +9 great mace "Hyink" {freeze, rElec MR++
                  | Int-2}
  3040 | D:4      | Noticed zyhmos's ghost (amateur MiBe)
  3455 | D:4      | Reached skill level 5 in Fighting
  3701 | D:4      | Reached XP level 7. HP: 30/61 MP: 6/6
  4010 | D:5      | Entered Level 5 of the Dungeon
  4028 | D:5      | Got a brightly glowing long sword
  4029 | D:5      | Identified the +3 long sword "Isif" {speed, rElec rPois}
                  | (You found it on level 5 of the Dungeon)
  4196 | D:5      | Found an iron altar of Okawaru.
  4252 | D:5      | Found Myulan's General Store.
  4261 | D:5      | Bought a scroll of identify for 20 gold pieces
  4386 | D:5      | Reached skill level 1 in Long Blades
  4635 | D:5      | You fall through a shaft!
  4645 | D:6      | Reached skill level 2 in Long Blades
  4899 | D:6      | Reached skill level 3 in Long Blades
  4914 | D:6      | Reached skill level 4 in Long Blades
  4914 | D:6      | Reached XP level 8. HP: 19/69 MP: 7/7
  4920 | D:6      | Got a pair of heavily runed gloves
  5012 | D:6      | Identified the cursed +0 pair of gloves of Wrong Decisions
                  | {rElec rF+ Str-5} (You found it on level 6 of the Dungeon)
  5387 | D:6      | Found a shadowy altar of Dithmenos.
  5707 | D:7      | Reached skill level 5 in Long Blades
  5736 | D:7      | Reached skill level 1 in Stealth
  5801 | D:7      | Reached skill level 6 in Long Blades
  5997 | D:7      | Gained mutation: You are resistant to electric shocks.
                  | (rElec) [potion of mutation]
  5997 | D:7      | Gained mutation: You are robust. (+10% HP) [potion of
                  | mutation]
  6143 | D:7      | Reached skill level 5 in Armour
  6375 | D:8      | Found Foefasti's Weapon Emporium.
  6399 | D:8      | Reached skill level 7 in Long Blades
  6543 | D:8      | Reached XP level 9. HP: 85/85 MP: 8/8
  6696 | D:8      | Reached skill level 8 in Long Blades
  6765 | D:8      | Noticed a three-headed hydra
  6778 | D:8      | Killed a three-headed hydra
  6778 | D:8      | Reached skill level 9 in Long Blades
  6778 | D:8      | Reached skill level 1 in Maces & Flails
  6958 | D:8      | Found Zoemaozu's Antique Weapon Boutique.
  6975 | D:8      | Found Gagyziss's Magic Scroll Shoppe.
  6981 | D:8      | Bought a scroll of teleportation for 36 gold pieces
  6981 | D:8      | Bought a scroll of identify for 24 gold pieces
  6981 | D:8      | Bought a scroll of identify for 24 gold pieces
  6981 | D:8      | Bought a scroll of identify for 24 gold pieces
  7159 | D:8      | Found Viogo's Distillery.
  7162 | D:8      | Bought a potion of mutation for 104 gold pieces
  7162 | D:8      | Bought a potion of heal wounds for 65 gold pieces
  7162 | D:8      | Bought a potion of heal wounds for 65 gold pieces
  7162 | D:8      | Lost mutation: You are robust. (+10% HP) [potion of
                  | mutation]
  7162 | D:8      | Lost mutation: You are resistant to electric shocks.
                  | (rElec) [potion of mutation]
  7162 | D:8      | Gained mutation: Scrolls take you a little longer to read.
                  | [potion of mutation]
  7162 | D:8      | Gained mutation: Your spells are a little harder to cast,
                  | but a little more powerful. [potion of mutation]
  7162 | D:8      | Gained mutation: You are surrounded by a mild repulsion
                  | field. (EV +2) [potion of mutation]
  7162 | D:8      | Gained mutation: Your flesh is heat resistant. (rF+)
                  | [potion of mutation]
  7222 | D:8      | Noticed Harold
  7243 | D:8      | Killed Harold
  7243 | D:8      | Reached skill level 5 in Dodging
  7243 | D:8      | Reached XP level 10. HP: 65/88 MP: 9/9
  7310 | D:9      | Noticed Pikel
  7321 | D:9      | Found a staircase to the Orcish Mines.
  7531 | D:9      | Killed Pikel
  7568 | D:9      | Reached skill level 10 in Long Blades
  7696 | D:9      | Found a staircase to the Lair.
  7940 | D:9      | Reached skill level 11 in Long Blades
  8060 | D:10     | Entered Level 10 of the Dungeon
  8212 | D:10     | Reached XP level 11. HP: 68/95 MP: 10/10
  8544 | D:9      | Noticed Grum
  8558 | D:9      | Killed Grum
  8681 | D:9      | Reached skill level 12 in Long Blades
  8760 | D:9      | You fall through a shaft!
  8760 | D:10     | Noticed a two-headed ogre
  8765 | D:10     | Killed a two-headed ogre
  8774 | D:10     | Found Qowi's Assorted Antiques.
  8888 | D:10     | Got an ancient trident
  9633 | D:10     | Annihilated by a very large slime creature

Skill      XL: |  1  2  3  4  5  6  7  8  9 10 11 |
---------------+----------------------------------+-----
Armour         | 4 5 |  5.7
Fighting       | 4 5 6 8 9 |  9.4
Shields        | 4 5 6 7 8 9 |  9.7
Axes           | 3 4 5 6 7 8 |  8.0
Dodging        | 1 2 3 5 6 |  6.9
Long Blades    | 4 7 9 11 12 | 12.3
Stealth        | 1 2 |  2.3
Maces & Flails | 3 |  3.0

Action                   |  1- 3 |  4- 6 |  7- 9 | 10-12 || total
-------------------------+-------+-------+-------+-------++-------
Melee: War axe           |    82 |   162 |    18 |    11 ||   273
       Headbutt          |    11 |    24 |    58 |   110 ||   203
       Long sword        |       |       |   281 |   452 ||   733
       Whip              |       |       |    16 |       ||    16
       Hand axe          |       |       |       |     5 ||     5
  Use: Scroll            |     1 |       |     7 |    14 ||    22
       Potion            |       |     2 |    10 |     4 ||    16
 Stab: Distracted        |       |       |     1 |     1 ||     2
       Sleeping          |       |       |     1 |     1 ||     2
       Invisible         |       |       |       |     3 ||     3
  Eat: Chunk             |       |    11 |    17 |     6 ||    34
       Ration            |       |     1 |       |     1 ||     2
Armor: Scale mail        |    18 |       |       |       ||    18
       Robe              |    23 |       |       |       ||    23
       Troll leather arm |    13 |    44 |    56 |    69 ||   182
Dodge: Dodged            |    45 |    51 |   125 |   240 ||   461
Block: Shield            |    60 |    85 |   116 |   251 ||   512
       Rpst.: Long sword |       |       |    33 |    66 ||    99
